 Dungeon Crawl Stone Soup version 0.32-a0-666-ge8a88695a4 (webtiles) character file.

Game seed: 13653398041934277053

4 Esekla the Sneak (level 1, -3/16 HPs)
             Began as an Octopode Delver on Mar 10, 2024.
             Killed from afar by a white imp (11 damage)
             ... with a puff of frost
             ... on level 5 of the Dungeon.
             The game lasted 00:04:47 (267 turns).

Esekla the Sneak (Octopode Delver)                   Turns: 267, Time: 00:04:47

Health: -3/16      AC:  1    Str: 11    XL:     1   Next: 60%
Magic:  1/1        EV: 13    Int: 12    God:
Gold:   9          SH:  0    Dex: 13    Spells: 0/0 levels left

rFire   . . .        a - +0 falchion
rCold   . . .        (no shield)
rNeg    . . .        (helmet restricted)
rPois   .            (no amulet)
rElec   .            (no ring)
rCorr   .            (no ring)
SInv    .            (no ring)
Will    .....        (no ring)
Stlth   ++++         (no ring)
HPRegen 0.22/turn    (no ring)
MPRegen 0.07/turn    (no ring)
                     (no ring)

%: no passive effects
@: no status effects
A: almost no armour, amphibious, 8 rings, camouflage 1, gelatinous body 1,
(nimble swimmer 1), tentacles
a: no special abilities


You were on level 5 of the Dungeon.
You visited 2 branches of the dungeon, and saw 2 of its levels.

You collected 9 gold pieces.

Inventory:

Hand Weapons
 a - a +0 falchion (weapon)
Wands
 f - a wand of digging (2)
Scrolls
 b - a scroll of fog
Potions
 e - a potion of haste


   Skills:
 * Level 3.0 Fighting
 + Level 2.0 Long Blades
 * Level 2.0 Dodging
 + Level 6.7 Stealth
 * Level 0.1 Spellcasting


You couldn't memorise any spells.
You didn't know any spells.
Your spell library was empty.

Dungeon Overview and Level Annotations

Branches:
Dungeon (5/15)             Temple (1/1) D:5

Altars:
Dithmenos
Hepliaklqana
Kikubaaqudgha
Okawaru
Qazlal
Vehumet
Wu Jian
Xom


Innate Abilities, Weirdness & Mutations

You cannot wear most types of armour.
You are amphibious.
You can wear up to eight rings at the same time.
Your skin changes colour to match your surroundings (Stealth+).
Your rubbery body absorbs attacks. (AC +1, EV +1)
((You are camouflaged when in or above water. (Stealth+)))
You have tentacles for arms and can constrict up to eight enemies at once.


Message History

A jackal is nearby!
A jackal is nearby!
A jackal is nearby!
There is a stone staircase leading down here.
You see here a +0 flail.
You start resting.
HP restored.
There is a stone staircase leading down here.
An ogre comes into view. It is wielding a +0 giant spiked club.
The hound barks!
The hound attacks as it pursues you! The hound completely misses you.
The hound bites you. The hound attacks as it pursues you! The hound bites you.
You hit the hound but do no damage. Your grab misses the hound.
You squeeze the hound.
The hound is heavily wounded.
The hound bites you. x2
* * * LOW HITPOINT WARNING * * *
You barely miss the hound. Your grab misses the hound.
The hound is heavily wounded.
The hound closely misses you. The hound bites you.
* * * LOW HITPOINT WARNING * * *
Okay, then.
Unknown command.
As you read the scroll of fear, it crumbles to dust.
You assume a fearsome visage.
The hound looks frightened!
You start resting.
A hound is nearby!
Aiming: Dig
Press: ? - help, Shift-Dir - straight line A rock wall.
The rock shatters into small pieces.
You hear a bark!
You hear a shout!
You hear an angry hiss.
A white imp and a bullfrog come into view.
Found a shadowy altar of Dithmenos.
A sleepcap comes into view.
The white imp gestures at you. The puff of frost hits you!
Ouch! That really hurt!
You die...

*,,,,*****#...S#.#*#....,,,,,,
****,,,,**,,,#....#h# *##...,,,,,
,,,,,,,,**,*,#...,#.# *.##**,,,
****,,,,*,,,,#...,#.# *,.#*#...
,,,,,,,,,,,,,,...,#.# **,,.#...
,~,~~~,~~~,~,,*#.##.# ***.#...
,~,,,~,~,.,~,,*#....# *,....
,~~~,~,~,§§≈.####.######*****#...
,,,~,~,~,≈......@.5F.....,* *...
,_,,,,,,,.._..#.#########,* *#+#
,,,~,~,~,≈..,..#* *,,,,,,,* #.#
,~~~,~,~,≈~≈...,***,**,,#######.#
,~,,,~,~,..≈h.,,,,*,**,,#........
,~,~~~,~~§.≈..,,*,*,*,,,#.##.....
,,,,,,,,,§...****,*,*,,,#........
**,,**,**.#.f,,,,,*,,,,,####.....
**,,,,,,,,,,,,,,**,,,,,+........


You could see a sleepcap (wandering), a bullfrog (wandering), a white imp and a
jackal (wandering).

Vanquished Creatures
  2 orcs (D:5)
2 creatures vanquished.

Notes
Turn   | Place    | Note
-------+----------+-------------------------------------------
     0 | D:5      | Esekla the Octopode Delver began the quest for the Orb.
     0 | D:5      | Reached XP level 1. HP: 16/16 MP: 1/1
    41 | D:5      | Found a stormy altar of Qazlal.
    57 | D:5      | Noticed a jelly
   108 | D:5      | Found a staircase to the Ecumenical Temple.
   110 | D:5      | Noticed a jelly
   117 | Temple   | Entered the Ecumenical Temple
   148 | D:5      | Noticed an orc wizard
   152 | D:5      | Noticed a hound
   222 | D:5      | Noticed an ogre
   266 | D:5      | Found a shadowy altar of Dithmenos.
   266 | D:5      | Noticed a bullfrog
   267 | D:5      | Noticed a sleepcap
   267 | D:5      | Killed from afar by a white imp

Illustrated notes

Levels and vault maps discovered:
D:5:      layout_basic, mainiacjoe_overflow_surrounded_room,
          mainiacjoe_overflow_large_starburst, minmay_temple_entry_large_hall,
          uniq_crazy_yiuf_cottage
Temple:   nicolae_temple_bog_church

Action                     || total
---------------------------++-------
  Melee: Falchion          ||     7
         Tentacles         ||     2
  Evoke: Wand              ||     1
    Use: Scroll            ||     2
 Armour: Skin              ||    11
  Dodge: Dodged            ||     6

Table legend: (Time is in decaauts)
 A = Elapsed time spent in this place.
 B = Non-inter-level travel time spent in this place.
 C = Inter-level travel time spent in this place.
 D = Time resting spent in this place.
 E = Time spent auto-exploring this place.
 F = Levels seen in this place.
 G = Mean time per level.
                   A        B        C        D        E       F      G
               +--------+--------+--------+--------+--------+-----+--------+
         Total |    268 |    268 |      0 |     68 |      0 |   2 |  134.0 |
       Dungeon |    266 |    266 |      0 |     68 |      0 |   1 |  266.0 |
        Temple |      1 |      1 |      0 |      0 |      0 |   1 |    1.0 |
               +--------+--------+--------+--------+--------+-----+--------+

Top non-repeatable levels by time:
     D:5: 266 daAuts
  Temple: 1 daAuts
